 Dungeon Sprint DCSS version 0.32-a0-913-g739538afd8 (webtiles) character file.

Game seed: 8752564487938015764

7900000 Griffin23 the Axe Maniac (level 26, -43/314 HPs)
             Began as a Troll Warper on Apr 9, 2024.
             Was the Champion of Makhleb.
             Annihilated by a meat berserker
             ... wielding a +9 battleaxe
              (76 damage)
             ... in the Dungeon (Sprint VIII: "Arena of Blood").
             The game lasted 00:04:23 (79 turns).

Griffin23 the Axe Maniac (Troll Warper)               Turns: 79, Time: 00:04:24

Health: -43/314    AC:  6    Str: 28    XL:     26   Next: 91%
Magic:  17/53      EV: 23    Int:  9    God:    Makhleb [******]
Gold:   0          SH:  0    Dex: 15    Spells: 79/79 levels left

rFire   . . .        j - +∞ Axe of Woe
rCold   . . .        (shield currently unavailable)
rNeg    . . .        b - +0 robe
rPois   .            (helmet restricted)
rElec   .            (no cloak)
rCorr   .            (gloves unavailable)
SInv    .            (boots unavailable)
Will    +....        (no amulet)
Stlth   +++++++++    (no ring)
HPRegen 1.52/turn    (no ring)
MPRegen 0.33/turn

%: no teleportation
@: no status effects
A: large, unfitting armour, claws 3, regeneration 1, shaggy fur 1, tough skin 1
a: Renounce Religion, Minor Destruction, Lesser Servant of Makhleb, Major
Destruction, Greater Servant of Makhleb


You were in the Dungeon.
You worshipped Makhleb.
Makhleb was exalted by your worship.
You visited 1 branch

Inventory:

Hand Weapons
 a - a +0 hand axe
 j - the +∞ Axe of Woe (weapon)
   (You found it in the Dungeon)
Missiles
 d - 7 darts of dispersal (quivered)
Armour
 b - a +0 robe (worn)
Scrolls
 c - 2 scrolls of blinking
Potions
 e - a potion of curing
 f - a potion of heal wounds
 g - a potion of haste
 h - 2 potions of magic
 i - a potion of berserk rage


   Skills:
 O Level 27 Fighting
 + Level 20.4(23.6) Short Blades
 + Level 20.4(23.6) Long Blades
 O Level 27 Axes
 O Level 27 Maces & Flails
 O Level 27 Polearms
 + Level 20.4(27) Staves
 + Level 17.4 Ranged Weapons
 O Level 27 Throwing
 O Level 27 Armour
 O Level 27 Dodging
 O Level 27 Stealth
 + Level 22.0 Shields
 O Level 27 Unarmed Combat
 O Level 27 Spellcasting
 O Level 27 Translocations
 O Level 27 Invocations


You had 79 spell levels left.
You didn't know any spells.
Your spell library contained the following spells:

 Spells                   Type           Power      Damage    Failure   Level
 Blink                    Tloc           100%       N/A       0%          2
 Lesser Beckoning         Tloc           100%       N/A       0%          2
 Maxwell's Portable Pile  Tloc           57%        2d(10-30) 0%          3
 Teleport Other           Tloc           57%        N/A       0%          3
 Vhi's Electric Charge    Tloc/Air       72%        N/A       1%          4


Dungeon Overview and Level Annotations

Branches:
Dungeon (1/1)

Altars:
Makhleb


Innate Abilities, Weirdness & Mutations

You are too large for most types of armour.
You have claws for hands.
Your natural rate of healing is unusually fast.
You are covered in fur. (AC +1)
You have tough skin. (AC +1)


Message History

You butcher the large abomination messily.
You blow up the large abomination!
The large abomination disappears in a puff of smoke!
You slash the large abomination!
You pulverise the large abomination into a thin bloody mist.
You destroy the large abomination!
The large abomination disappears in a puff of smoke!
You hit the tentacled monstrosity.
You pulverise the tentacled monstrosity into a thin bloody mist.
You kill the tentacled monstrosity!
The tentacled monstrosity disappears in a puff of smoke!
You slash the large abomination!
You fatally mangle the large abomination.
You destroy the large abomination!
The large abomination disappears in a puff of smoke!
You hit the large abomination.
You chop the large abomination into pieces.
You destroy the large abomination!
The large abomination disappears in a puff of smoke! x2
The tentacled monstrosity disappears in a puff of smoke!
The tyrant is engulfed in blazing flames.
A meat berserker comes into view. It is wielding a +9 battleaxe.
The accursed gestures at you while chanting.
Something smites you!
The dread calls on the powers of darkness!
The bag of meat convulses! x2; The meat berserker convulses!
Your body is wracked with pain!
* * * LOW HITPOINT WARNING * * *
The bag of meat convulses!
The eight-headed meat hydra calls on the powers of darkness!
The eight-headed meat hydra convulses!
The meat berserker convulses!
Your body is wracked with pain!
* * * LOW HITPOINT WARNING * * *
The bag of meat convulses! x2
The accursed points at you and mumbles some strange words.
Something smites you!
* * * LOW HITPOINT WARNING * * *
The meat berserker is engulfed in blazing flames.
The meat berserker hits you with a +9 battleaxe!!!!
You die...

.V.. .o.. .. .o.
oo #o. .# #..
..# ..###.§
M.###.
.....X)###MXD...
..L..§oX@O.X....
.O.O.#§L§L.#OX..
... #§°XX_# . .


#o§MXL# ...XXXXXL.. o.X..W###WX.... .###oo X.###. #.. ..# #.. ..# You could see
2 accurseds, 4 tentacled monstrosities, 5 tyrants, an eight-headed meat hydra,
11 large abominations, 2 dreads, 4 meat berserkers and 3 bags of meat.

Vanquished Creatures
  3 hell beasts (D)
  A royal mummy (D)
  A wraith (D)
  11 vampire knights (D)
  22 ogres (D)
  5 two-headed ogres (D)
  A lich (D)
  A hydra (D)
  56 orcs (D)
  6 skeletal warriors (D)
107 creatures vanquished.

Notes
Turn   | Place    | Note
-------+----------+-------------------------------------------
     0 | D        | Found the +∞ Axe of Woe
     0 | D        | Griffin23 the Troll Warper began the quest for the Orb.
     0 | D        | Reached XP level 1. HP: 19/19 MP: 1/1
     0 | D        | Noticed a bag of meat
     2 | D        | Killed a bag of meat
     2 | D        | Noticed a meat berserker
     2 | D        | Noticed a bag of meat
     2 | D        | Noticed a bag of meat
     2 | D        | Noticed a bag of meat
     2 | D        | Noticed a bag of meat
     3 | D        | Reached XP level 2. HP: 44/44 MP: 1/9
     3 | D        | Reached XP level 3. HP: 52/52 MP: 1/10
     3 | D        | Reached XP level 4. HP: 59/59 MP: 1/12
     3 | D        | Reached XP level 5. HP: 67/67 MP: 1/13
     3 | D        | Reached XP level 6. HP: 76/76 MP: 1/15
     3 | D        | Reached XP level 7. HP: 83/83 MP: 1/16
     3 | D        | Reached XP level 8. HP: 92/92 MP: 1/17
     3 | D        | Reached XP level 9. HP: 100/100 MP: 1/18
     3 | D        | Reached XP level 10. HP: 107/107 MP: 1/19
     3 | D        | Noticed a bag of meat
     5 | D        | Became a worshipper of Makhleb the Destroyer
     7 | D        | Killed a meat berserker
     8 | D        | Reached skill level 10 in Translocations
     8 | D        | Reached XP level 11. HP: 14/123 MP: 1/22
     8 | D        | Reached XP level 12. HP: 15/132 MP: 1/23
     9 | D        | Noticed a meat berserker
    10 | D        | Killed a bag of meat
    10 | D        | Reached * piety under Makhleb
    11 | D        | Reached XP level 13. HP: 20/141 MP: 2/25
    11 | D        | Noticed a bag of meat
    12 | D        | Killed a meat berserker
    13 | D        | Reached skill level 10 in Spellcasting
    13 | D        | Noticed a bag of meat
    13 | D        | Noticed a bag of meat
    13 | D        | Noticed a meat berserker
    14 | D        | Killed a bag of meat
    14 | D        | Noticed a bag of meat
    14 | D        | Noticed a meat berserker
    15 | D        | Reached XP level 14. HP: 52/157 MP: 3/27
    15 | D        | Noticed a bag of meat
    15 | D        | Noticed a bag of meat
    15 | D        | Noticed a bag of meat
    16 | D        | Killed a bag of meat
    16 | D        | Reached ** piety under Makhleb
    16 | D        | Noticed a meat berserker
    16 | D        | Noticed a bag of meat
    16 | D        | Noticed a meat berserker
    17 | D        | Killed a bag of meat
    17 | D        | Killed a bag of meat
    17 | D        | Noticed a bag of meat
    17 | D        | Noticed a bag of meat
    17 | D        | Noticed a bag of meat
    17 | D        | Noticed a bag of meat
    18 | D        | Reached skill level 15 in Fighting
    18 | D        | Reached skill level 15 in Dodging
    18 | D        | Noticed a meat berserker
    18 | D        | Killed a meat berserker
    18 | D        | Reached *** piety under Makhleb
    18 | D        | Noticed a large bag of meat
    18 | D        | Noticed a bag of meat
    18 | D        | Noticed a destroyer
    18 | D        | Noticed a bag of meat
    19 | D        | Reached XP level 15. HP: 118/171 MP: 3/30
    19 | D        | Killed a meat berserker
    20 | D        | Reached skill level 15 in Translocations
    20 | D        | Killed a meat berserker
    20 | D        | Killed a meat berserker
    20 | D        | Reached **** piety under Makhleb
    21 | D        | Reached XP level 16. HP: 188/188 MP: 4/33
    21 | D        | Noticed a meat berserker
    21 | D        | Noticed a meat berserker
    24 | D        | Killed a meat berserker
    24 | D        | Reached ***** piety under Makhleb
    25 | D        | Reached skill level 27 in Axes
    25 | D        | Reached XP level 17. HP: 204/204 MP: 4/36
    27 | D        | Killed a meat berserker
    27 | D        | Noticed a meat berserker
    27 | D        | Noticed a destroyer
    28 | D        | Reached XP level 18. HP: 223/223 MP: 5/39
    28 | D        | Killed a large bag of meat
    28 | D        | Reached ****** piety under Makhleb
    28 | D        | Killed a meat berserker
    29 | D        | Killed a destroyer
    30 | D        | Reached XP level 19. HP: 229/241 MP: 5/42
    30 | D        | Killed a destroyer
    31 | D        | Reached skill level 27 in Fighting
    31 | D        | Reached skill level 27 in Dodging
    31 | D        | Noticed a meat berserker
    31 | D        | Noticed a destroyer
    31 | D        | Noticed an eight-headed meat hydra
    32 | D        | Noticed a destroyer
    33 | D        | Killed a meat berserker
    35 | D        | Reached skill level 27 in Translocations
    35 | D        | Reached XP level 20. HP: 115/256 MP: 6/47
    35 | D        | Noticed a destroyer
    37 | D        | Killed a destroyer
    37 | D        | Noticed a large bag of meat
    38 | D        | Reached skill level 27 in Spellcasting
    38 | D        | Reached skill level 1 in Stealth
    40 | D        | Reached skill level 5 in Maces & Flails
    40 | D        | Reached skill level 5 in Throwing
    40 | D        | Reached skill level 5 in Unarmed Combat
    40 | D        | Reached skill level 5 in Invocations
    40 | D        | Noticed a large bag of meat
    41 | D        | Noticed a meat berserker
    42 | D        | Reached skill level 5 in Polearms
    42 | D        | Reached skill level 5 in Armour
    42 | D        | Killed a meat berserker
    43 | D        | Killed a destroyer
    43 | D        | Noticed a destroyer
    44 | D        | Reached skill level 10 in Maces & Flails
    44 | D        | Reached skill level 10 in Throwing
    44 | D        | Reached skill level 10 in Unarmed Combat
    44 | D        | Reached skill level 10 in Invocations
    44 | D        | Reached XP level 21. HP: 253/265 MP: 9/51
    45 | D        | Reached skill level 10 in Polearms
    45 | D        | Killed a destroyer
    47 | D        | Killed a large bag of meat
    47 | D        | Noticed a destroyer
    48 | D        | Noticed a large bag of meat
    49 | D        | Killed a destroyer
    50 | D        | Reached skill level 10 in Stealth
    50 | D        | Reached skill level 15 in Unarmed Combat
    50 | D        | Killed a destroyer
    51 | D        | Reached skill level 15 in Throwing
    51 | D        | Reached skill level 15 in Invocations
    51 | D        | Killed a large bag of meat
    52 | D        | Reached skill level 15 in Polearms
    52 | D        | Reached skill level 15 in Armour
    52 | D        | Reached XP level 22. HP: 242/275 MP: 11/52
    54 | D        | Noticed a destroyer
    57 | D        | Killed a large bag of meat
    57 | D        | Noticed a tyrant
    58 | D        | Killed a destroyer
    59 | D        | Reached skill level 15 in Stealth
    59 | D        | Reached XP level 23. HP: 275/284 MP: 12/53
    59 | D        | Noticed a tyrant
    60 | D        | Noticed a destroyer
    62 | D        | Noticed a large bag of meat
    62 | D        | Noticed an accursed
    63 | D        | Noticed an accursed
    63 | D        | Noticed a tyrant
    64 | D        | Noticed a destroyer
    65 | D        | Noticed a meat beast
    65 | D        | Killed a destroyer
    65 | D        | Noticed a meat beast
    66 | D        | Noticed a meat beast
    66 | D        | Noticed an accursed
    67 | D        | Killed a destroyer
    67 | D        | Noticed a tyrant
    68 | D        | Reached XP level 24. HP: 273/295 MP: 15/53
    68 | D        | Noticed a dread
    68 | D        | Noticed an accursed
    69 | D        | Killed a meat beast
    70 | D        | Reached skill level 27 in Maces & Flails
    70 | D        | Reached skill level 27 in Unarmed Combat
    70 | D        | Killed a meat beast
    70 | D        | Killed a tyrant
    70 | D        | Noticed a dread
    71 | D        | Reached skill level 27 in Polearms
    71 | D        | Reached skill level 27 in Throwing
    71 | D        | Reached skill level 27 in Armour
    71 | D        | Reached skill level 27 in Invocations
    71 | D        | Reached XP level 25. HP: 298/304 MP: 15/53
    71 | D        | Killed a meat beast
    71 | D        | Killed a large bag of meat
    72 | D        | Reached skill level 27 in Stealth
    72 | D        | Reached skill level 10 in Short Blades
    72 | D        | Reached skill level 10 in Long Blades
    72 | D        | Reached skill level 10 in Staves
    72 | D        | Noticed a dread
    72 | D        | Noticed a destroyer
    74 | D        | Noticed a tyrant
    75 | D        | Reached skill level 15 in Shields
    75 | D        | Reached XP level 26. HP: 314/314 MP: 16/53
    76 | D        | Reached skill level 15 in Short Blades
    76 | D        | Reached skill level 15 in Long Blades
    76 | D        | Reached skill level 15 in Staves
    76 | D        | Killed an accursed
    77 | D        | Noticed an accursed
    77 | D        | Noticed a tyrant
    78 | D        | Reached skill level 15 in Ranged Weapons
    78 | D        | Killed a dread
    78 | D        | Killed a destroyer
    79 | D        | Annihilated by a meat berserker

Illustrated notes

Levels and vault maps discovered:
D:        meatsprint

Skill      XL: |  1  2  3  4  5  6  7  8  9 10 11 12 13 14 15 16 17 18 19 20 21 22 23 24 25 26 |
---------------+-------------------------------------------------------------------------------+-----
Fighting       | 9 11 12 14 16 18 20 23 26 27 | 27.0
Axes           | 13 16 17 19 22 25 27 | 27.0
Dodging        | 9 11 12 14 16 18 21 23 26 27 | 27.0
Spellcasting   | 7 8 9 10 12 14 16 18 20 24 27 | 27.0
Translocations | 8 10 11 12 14 17 18 21 24 27 | 27.0
Maces & Flails | 10 16 22 25 27 | 27.0
Polearms       | 9 15 20 23 27 | 27.0
Throwing       | 10 16 21 24 27 | 27.0
Armour         | 9 15 19 22 27 | 27.0
Stealth        | 7 11 15 18 25 27 | 27.0
Unarmed Combat | 10 17 23 26 27 | 27.0
Invocations    | 10 16 21 24 27 | 27.0
Short Blades   | 14 20 | 20.4
Long Blades    | 14 20 | 20.4
Staves         | 14 20 | 20.4
Ranged Weapons | 12 17 | 17.4
Shields        | 15 22 | 22.0

Action                     |  1- 3 |  4- 6 |  7- 9 | 10-12 | 13-15 | 16-18 | 19-21 | 22-24 | 25-27 || total
---------------------------+-------+-------+-------+-------+-------+-------+-------+-------+-------++-------
  Melee: Executioner's axe |     1 |       |       |     2 |     7 |     8 |    18 |    16 |     8 ||    60
 Armour: Robe              |       |       |       |     1 |       |     3 |    10 |    20 |     2 ||    36

Table legend: (Time is in decaauts)
 A = Elapsed time spent in this place.
 B = Non-inter-level travel time spent in this place.
 C = Inter-level travel time spent in this place.
 D = Time resting spent in this place.
 E = Time spent auto-exploring this place.
 F = Levels seen in this place.
 G = Mean time per level.
                   A        B        C        D        E       F      G
               +--------+--------+--------+--------+--------+-----+--------+
         Total |     64 |     64 |      0 |      0 |      0 |   1 |   64.0 |
       Dungeon |     64 |     64 |      0 |      0 |      0 |   1 |   64.0 |
               +--------+--------+--------+--------+--------+-----+--------+

Top non-repeatable levels by time:
       D: 64 daAuts
